 Dungeon Crawl Stone Soup version 0.29.0-4-gdea44cf6ec (webtiles) character file.

Game seed: 16609917045691718890

34 qw the Chopper (level 3, 0/21 HPs)
             Began as a Tengu Warper on Aug 28, 2022.
             Slain by Sigmund
             ... wielding a +0 scythe
              (9 damage)
             ... on level 2 of the Dungeon.
             The game lasted 00:00:10 (2294 turns).

qw the Chopper (Tengu Warper)                       Turns: 2294, Time: 00:00:11

Health: 0/21       AC: 10    Str: 13    XL:     3   Next: 31%
Magic:  7/7        EV:  3    Int: 13    God:
Gold:   102        SH:  0    Dex: 13    Spells: 6/6 levels left

rFire   . . .      SeeInvis .   Y - +0 hand axe
rCold   . . .      Faith    .   (no shield)
rNeg    . . .      Spirit   .   l - +0 plate armour
rPois   .          Reflect  .   (helmet restricted)
rElec   .          Harm     .   (no cloak)
rCorr   .          Rampage  .   (no gloves)
Will    .....                   (boots unavailable)
Stlth   ..........              (no amulet)
HPRegen 0.07/turn               (no ring)
MPRegen 0.10/turn               (no ring)

@: no status effects
A: beak, talons 3
a: no special abilities


You were on level 2 of the Dungeon.
You visited 1 branch of the dungeon, and saw 2 of its levels.

You collected 102 gold pieces.


Innate Abilities, Weirdness & Mutations

You have a beak for a mouth.
You have claws for feet.


   Skills:
 - Level 2.0 Fighting
 - Level 4.0 Axes
 - Level 1.0 Throwing
 + Level 1.2 Armour
 - Level 2.1 Dodging
 - Level 2.0 Spellcasting
 - Level 2.4 Translocations


You had 6 spell levels left.
You didn't know any spells.
Your spell library contained the following spells:

 Spells                   Type           Power      Damage    Failure   Level
 Blink                    Tloc           14%        N/A       100%        2
 Gell's Gravitas          Tloc           7%         N/A       100%        3
 Lesser Beckoning         Tloc           7%         N/A       100%        3
 Teleport Other           Tloc           7%         N/A       100%        3
 Manifold Assault         Tloc           7%         N/A       100%        5

Inventory:

Hand Weapons
 f - a +0 mace
 Y - a +0 hand axe (weapon)
Armour
 l - a +0 plate armour (worn)
Scrolls
 a - 3 scrolls of identify
 b - a scroll of teleportation
Potions
 e - a potion of brilliance {unknown}
 g - a potion of heal wounds {unknown}

Dungeon Overview and Level Annotations

Branches:
Dungeon (2/15)

Altars:

Shops:
D:1 :

Annotations:
D:2 Sigmund


Message History

You start resting.
HP restored.
a - 2 scrolls of identify (gained 1)
You see here a +0 dagger.
A gnoll comes into view. It is wielding a +0 whip of venom.
2206 ||| Stepping ~*~*~tactically~*~*~ (stealth).
Found 3 stones.
You see here 3 stones.
There is a stone staircase leading up here.
There is a stone staircase leading down here.
An endoplasm comes into view.
Found a scroll of identify.
The endoplasm quivers.
Enter note: You hit the endoplasm.
The endoplasm is lightly wounded.
The endoplasm barely misses you.
You slash the endoplasm!
You kill the endoplasm!
a - 3 scrolls of identify (gained 1)
You now have 102 gold pieces (gained 5).
Sigmund the Dreaded comes into view.
He is wielding a +0 scythe.
Sigmund shouts!
Sigmund points at you and mumbles some strange words.
You resist with significant effort.
Sigmund hits you from afar with a +0 scythe.
Sigmund hits you with a +0 scythe!
You hit Sigmund but do no damage. Your kick misses Sigmund. You hit Sigmund.
You claw Sigmund.
Sigmund is lightly wounded.
Sigmund barely misses you.
You hit Sigmund but do no damage. Your peck misses Sigmund.
Your punch misses Sigmund.
Sigmund is lightly wounded.
Sigmund hits you but does no damage.
You closely miss Sigmund.
Sigmund is lightly wounded.
Sigmund screams, "Die, monster!"
Sigmund hits you with a +0 scythe!
You die...

#. #. #.## ##...
....# .##.# #
#.##@# .#
#.#.####.##@##.####
.........^........#
###.###.##.##.# #.#
#.# ##.#
#.###.###.# #.#
#..# #.........#
#.# #. #..#
#####.######.##.#
#.# #..# #....#
#.##.# #.# #..#
####.# #.##.# #.#


You could see Sigmund.

Vanquished Creatures
  An adder (D:2)
  A dart slug (D:1)
  6 bats
  An endoplasm (D:2)
  2 goblins (D:1)
  5 hobgoblins
  2 ball pythons (D:1)
  A frilled lizard (D:1)
  3 kobolds
22 creatures vanquished.

Notes
Turn   | Place    | Note
-------+----------+-------------------------------------------
     0 | D:1      | qw the Tengu Warper began the quest for the Orb.
     0 | D:1      | Reached XP level 1. HP: 12/12 MP: 4/4
     0 | D:1      | 0 ||| qw: Version: 0.1-a-89-g26bdef1
     0 | D:1      | 0 ||| qw: Game counter: 1577
     0 | D:1      | 0 ||| qw: Always use a shield: true
     0 | D:1      | 0 ||| qw: God list: Okawaru
     0 | D:1      | 0 ||| qw: Allow faded altars: false
     0 | D:1      | 0 ||| qw: Do Orc after D:15 true
     0 | D:1      | 0 ||| qw: Do second Lair branch before Depths: true
     0 | D:1      | 0 ||| qw: Lair rune preference: random
     0 | D:1      | 0 ||| qw: Plans: Normal
     0 | D:1      | 0 ||| PLANNING D:1-11
    92 | D:1      | 92 ||| DROPPING +0 club.
   322 | D:1      | Found Hubeuz's Book Shoppe.
   479 | D:1      | Reached XP level 2. HP: 14/17 MP: 6/6
   539 | D:1      | Reached skill level 3 in Axes
   779 | D:1      | 779 ||| Stepping ~*~*~tactically~*~*~ (hiding).
   881 | D:1      | 881 ||| Stepping ~*~*~tactically~*~*~ (hiding).
   983 | D:1      | 983 ||| Stepping ~*~*~tactically~*~*~ (hiding).
  1085 | D:1      | 1085 ||| Stepping ~*~*~tactically~*~*~ (hiding).
  1187 | D:1      | 1187 ||| Stepping ~*~*~tactically~*~*~ (hiding).
  1289 | D:1      | 1289 ||| Stepping ~*~*~tactically~*~*~ (hiding).
  1755 | D:1      | 1755 ||| UPGRADING to +0 ring mail.
  1765 | D:1      | 1765 ||| DROPPING +0 leather armour.
  1766 | D:1      | 1766 ||| UPGRADING to +0 plate armour.
  1776 | D:1      | 1776 ||| DROPPING +0 ring mail.
  1777 | D:1      | 1777 ||| DROPPING +6 ring of intelligence.
  1778 | D:1      | 1778 ||| READING 2 scrolls labelled DALANU PUNISO.
  1779 | D:1      | 1779 ||| READING scroll labelled ZOOSOTUINE.
  1780 | D:1      | 1780 ||| READING 2 scrolls labelled CEYX FINNECUTZ.
  1781 | D:1      | 1781 ||| READING scroll labelled WALIRU WUSAGH.
  1784 | D:1      | 1784 ||| DROPPING scroll of blinking.
  1785 | D:1      | 1785 ||| DROPPING scroll of fear.
  1998 | D:2      | Reached skill level 4 in Axes
  1998 | D:2      | Reached XP level 3. HP: 9/21 MP: 7/7
  1998 | D:2      | 1998 ||| FLEEEEING.
  1999 | D:2      | 1999 ||| FLEEEEING.
  2000 | D:2      | 2000 ||| FLEEEEING.
  2001 | D:2      | 2001 ||| FLEEEEING.
  2002 | D:2      | 2002 ||| FLEEEEING.
  2003 | D:2      | 2003 ||| FLEEEEING.
  2004 | D:2      | 2004 ||| FLEEEEING.
  2005 | D:2      | 2005 ||| FLEEEEING.
  2006 | D:2      | 2006 ||| FLEEEEING.
  2011 | D:2      | 2011 ||| FLEEEEING.
  2012 | D:2      | 2012 ||| FLEEEEING.
  2013 | D:2      | 2013 ||| FLEEEEING.
  2014 | D:2      | 2014 ||| FLEEEEING.
  2016 | D:2      | 2016 ||| STAIRDANCE
  2206 | D:2      | 2206 ||| Stepping ~*~*~tactically~*~*~ (stealth).
  2286 | D:2      | Noticed Sigmund
  2294 | D:2      | Slain by Sigmund

Levels and vault maps discovered:
D:1:      lightli_arrival_lavapool, layout_loops_ring, serial_shops,
          nicolae_diamond_shop, hangedman_decor_growths, minmay_misc_feat_room,
          nicolae_figureground_pulse
D:2:      layout_loops_ring, ebering_ecumenical_altar_webs, grunt_ministairs_12,
          uniq_sigmund, uniq_natasha

Skill      XL: |  1  2 |
---------------+-------+-----
Axes           | 4 |  4.0
Fighting       | |  2.0
Throwing       | |  1.0
Armour         | |  1.2
Dodging        | |  2.1
Spellcasting   | |  2.0
Translocations | |  2.4

Action                   || total
-------------------------++-------
Melee: Hand axe          ||    71
       Peck              ||    11
       Kick              ||    12
       Punch             ||     1
Throw: Boomerang         ||     7
  Use: Scroll            ||     4
Armor: Leather armour    ||    15
       Plate armour      ||    21
Dodge: Dodged            ||    25

Table legend:
 A = Non-vault XP
 B = Vault XP
 C = Vault XP percentage of total XP
 D = Non-vault monster count
 E = Vault monster count
 F = Vault count percentage of total count
                 A         B        C        D         E       F
            +---------+---------+-------+---------+---------+-------
      Total |      46 |       3 |   6.1 |      20 |       2 |   9.1
            +---------+---------+-------+---------+---------+-------
        D:1 |      27 |       0 |   0.0 |      16 |       0 |   0.0
        D:2 |      19 |       3 |  13.6 |       4 |       2 |  33.3
            +---------+---------+-------+---------+---------+-------
